details: 'hu mirror'

« prev index next »

General information

Mini Map

Players

team 1
Random» Humancryerok (orange | 68 APM | 883 actions | 13:00)
Hero icon 5 Mountain King
Ability icon 3 Storm Bolt
Ability icon 2 Bash

» actions
Assign group hotkey20
Basic commands2
Build / train50
ESC pressed2
Enter build submenu21
Enter hero's abilities submenu5
Give item / drop item2
Right click334
Select / deselect185
Select group hotkey213
Use ability49
883 total
» units
Peasant18
Footman4
Rifleman8
30 total
» upgrades
Masonry1
Long Rifles1
Lumber Harvesting1
3 total
» buildings
Altar of Kings1
Barracks3
Farm5
Scout Tower6
Arcane Tower4
Lumber Mill1
Town Hall1
Blacksmith1
Guard Tower1
Keep1
Arcane Vault1
Castle1
26 total
» build order
00:08 Altar of Kings
00:20 Barracks
00:35 Farm
00:50 Farm
01:37 Farm
01:55 Scout Tower
02:24 Arcane Tower
03:08 Scout Tower
03:09 Scout Tower
03:18 Lumber Mill
03:32 Town Hall
03:38 Arcane Tower
04:13 Scout Tower
04:24 Blacksmith
04:48 Guard Tower
04:57 Barracks
05:05 Farm
06:14 Barracks
07:04 Keep
07:28 Scout Tower
07:30 Scout Tower
08:53 Arcane Tower
08:54 Arcane Tower
09:03 Arcane Vault
10:19 Castle
10:35 Farm
» items
Scroll of Town Portal1
Scroll of Healing1
Potion of Healing2
4 total
team 2
Random» Humanbor- (purple | 117 APM | 1531 actions | 13:01)
Hero icon 4 Archmage
Ability icon 2 Summon Water Elemental
Ability icon 2 Brilliance Aura
Hero icon 3 Mountain King
Ability icon 2 Storm Bolt
Ability icon 1 Bash

» actions
Assign group hotkey28
Basic commands13
Build / train76
ESC pressed2
Enter build submenu33
Enter hero's abilities submenu7
Give item / drop item2
Right click495
Select / deselect546
Select group hotkey219
Use ability110
1531 total
» units
Peasant15
Footman9
Priest4
Sorceress3
Spell Breaker5
36 total
» buildings
Altar of Kings1
Barracks2
Farm7
Arcane Vault1
Scout Tower10
Arcane Tower3
Town Hall1
Lumber Mill1
Keep1
Guard Tower8
Arcane Sanctum4
Blacksmith1
40 total
» build order
00:06 Altar of Kings
00:19 Barracks
00:33 Farm
00:48 Farm
02:21 Farm
02:49 Arcane Vault
03:07 Scout Tower
03:45 Farm
03:47 Arcane Tower
04:26 Town Hall
04:40 Scout Tower
04:41 Scout Tower
04:48 Lumber Mill
05:31 Keep
05:52 Arcane Tower
06:12 Guard Tower
06:14 Scout Tower
07:21 Guard Tower
07:23 Farm
07:53 Arcane Sanctum
07:55 Arcane Sanctum
08:44 Farm
08:44 Farm
09:33 Arcane Sanctum
09:34 Barracks
09:35 Arcane Sanctum
09:37 Blacksmith
11:18 Guard Tower
11:18 Guard Tower
11:21 Scout Tower
11:22 Scout Tower
11:23 Scout Tower
11:23 Scout Tower
11:50 Guard Tower
12:03 Guard Tower
12:14 Scout Tower
12:15 Scout Tower
12:51 Guard Tower
12:53 Guard Tower
12:54 Arcane Tower
» items
Scroll of Regeneration4
Lesser Clarity Potion5
Staff of Teleportation1
Ivory Tower2
Scroll of Town Portal1
Boots of Speed1
Scroll of Healing1
Potion of Lesser Invulnerability1
16 total

Chat log


(13:00 / All) bor-: gg